 Dungeon Crawl Stone Soup version 0.20.1-1-g8b1a95d (webtiles) character file.

138 Zedayar the Shield-Bearer (level 5, -2/33 HPs)
             Began as a Gargoyle Fighter on Aug 26, 2017.
             Was an Initiate of Ru.
             Slain by Sigmund
             ... wielding a +0 scythe
              (7 damage)
             ... on level 3 of the Dungeon.
             The game lasted 00:06:11 (1369 turns).

Zedayar the Shield-Bearer (Gargoyle Fighter)        Turns: 1369, Time: 00:06:12

Health: -2/33      AC: 12    Str: 20    XL:     5   Next: 21%
Magic:  5/5        EV:  7    Int:  9    God:    Ru [......]
Gold:   40         SH:  9    Dex:  9    Spells: 4/4 levels left

rFire    . . .     SeeInvis .   a - +0 war axe
rCold    . . .     Gourm    .   c - +0 shield
rNeg     + . .     Faith    .   b - +0 scale mail
rPois    ∞         Spirit   .   g - +0 helmet
rElec    +         Reflect  .   (no cloak)
rCorr    .         Harm     .   (no gloves)
MR       .....                  (no boots)
Stlth    ..........             (no amulet)
Regen    0.2/turn               (no ring)
MPRegen  0.1/turn               (no ring)

@: no status effects
A: negative energy resistance 1, electricity resistance, unbreathing,
petrification resistance, rot immunity, AC +4
a: Sacrifice Words, Sacrifice Skill, Sacrifice Love, Reject Sacrifices, Renounce
Religion


You were on level 3 of the Dungeon.
You worshipped Ru.
Ru was noncommittal.
You were very full.

You visited 1 branch of the dungeon, and saw 3 of its levels.

You collected 40 gold pieces.

Inventory:

Hand Weapons
 a - a +0 war axe (weapon)
Armour
 b - a +0 scale mail (worn)
 c - a +0 shield (worn)
 g - a +0 helmet (worn)
Scrolls
 h - a scroll of identify {unknown}
 i - 2 scrolls of immolation {unknown}
 k - a scroll of teleportation {unknown}
Potions
 d - a potion of might
 e - 2 potions of heal wounds {unknown}
 j - a potion of berserk rage {unknown}
 l - a potion of flight {unknown}
Comestibles
 m - a royal jelly


   Skills:
 + Level 3.7 Fighting
 + Level 3.3 Axes
 + Level 3.8 Armour
 + Level 0.7 Dodging
 * Level 4.2 Shields


You had 4 spell levels left.
You didn't know any spells.

Dungeon Overview and Level Annotations

Branches:
Dungeon (3/15)

Altars:
Ru

Annotations:
D:3 Sigmund


Innate Abilities, Weirdness & Mutations

You are resistant to torment.
Your stone body is resilient. (AC +4)
You are immune to poison.
You resist negative energy. (rN+)
You are resistant to electric shocks. (rElec)
You can survive without breathing.
You are immune to petrification.
You are immune to rotting.


Message History

The adder bites you but does no damage. You block the goblin's attack.
Something hits you.
* * * LOW HITPOINT WARNING * * *
The adder bites you but does no damage. The goblin hits you but does no damage.
You slash the adder!
You kill the adder!
You hit the goblin. Something hits you but does no damage.
You block the goblin's attack. The bat hits you.
* * * LOW HITPOINT WARNING * * *
You block the goblin's attack. Something hits you.
* * * LOW HITPOINT WARNING * * *
You slash the goblin!
You kill the goblin!
You closely miss something. The bat hits you but does no damage.
You hear some strange, mumbled words.
A puff of flame appears from out of thin air!
The puff of flame hits you! The bat hits you but does no damage.
Something hits you!
You die...

..## ....
#......# ..#.
.##.#.....
....
#.#.#..#.# #
...#
#.?...$#.##.#
...$
...(.>.....#
##.#
#.#..#.#..#
##.#
#....b?#..#
...#
#..@....#
##.#
##.#.#.## #
#.#.#.# #
#.<...# # #
##..###
##.### #.##
.....# #.#
####.#
########.#
..# #
#..).....#


You could see a bat.

Vanquished Creatures
  An orc wizard (D:3)
  An orc priest (D:3)
  2 adders
  A gnoll (D:1)
  An ooze (D:1)
  A worm (D:2)
  A dart slug (D:3)
  2 leopard geckos
  2 orcs (D:3)
  3 giant cockroaches
  A goblin (D:3)
  2 hobgoblins
  4 jackals (D:2)
  A quokka (D:2)
  9 bats
  2 frilled lizards
  2 kobolds (D:1)
  6 rats (D:1)
42 creatures vanquished.

Notes
Turn   | Place    | Note
-------+----------+-------------------------------------------
     0 | D:1      | Zedayar the Gargoyle Fighter began the quest for the Orb.
     0 | D:1      | Reached XP level 1. HP: 14/14 MP: 1/1
    50 | D:1      | Reached XP level 2. HP: 19/19 MP: 2/2
   368 | D:1      | Reached XP level 3. HP: 10/23 MP: 3/3
   651 | D:2      | Found a faded altar of an unknown god.
   716 | D:2      | Became a worshipper of Ru the Awakened
   884 | D:2      | Reached XP level 4. HP: 18/28 MP: 4/4
  1012 | D:3      | Reached skill level 4 in Shields
  1015 | D:3      | Reached XP level 5. HP: 6/33 MP: 5/5
  1352 | D:3      | Noticed Sigmund
  1369 | D:3      | Slain by Sigmund

Skill      XL: |  1  2  3  4 |
---------------+-------------+-----
Axes           | 2 3 |  3.3
Shields        | 4 |  4.2
Fighting       | |  3.7
Armour         | |  3.8
Dodging        | |  0.7

Action                   |  1- 3 |  4- 6 || total
-------------------------+-------+-------++-------
Melee: War axe           |   135 |    36 ||   171
  Eat: Bread ration      |       |     2 ||     2
Armor: Scale mail        |   109 |    58 ||   167
Dodge: Dodged            |    64 |    15 ||    79
Block: Shield            |   102 |    46 ||   148
